 Dungeon Crawl Stone Soup version 0.31-a0-174-g85c54bcb58 (webtiles) character file.

Game seed: 11281640272659235592

141 qw the Shooter (level 5, -6/32 HPs)
             Began as a Gargoyle Hunter on June 15, 2023.
             Mangled by Edmund
             ... wielding a +2 dire flail of protection
              (10 damage)
             ... on level 4 of the Dungeon.
             The game lasted 00:01:05 (2753 turns).

qw the Shooter (Gargoyle Hunter)                    Turns: 2753, Time: 00:01:06

Health: -6/32      AC:  9    Str: 13 (15) XL:     5   Next: 24%
Magic:  5/5        EV: 10    Int:  8 (9)  God:
Gold:   161        SH:  0    Dex: 13 (15) Spells: 4/4 levels left

rFire   + . .        Y - +0 shortbow
rCold   . . .        (shield currently unavailable)
rNeg    + . .        j - +0 ring mail
rPois   inf          (no helmet)
rElec   +            (no cloak)
rCorr   .            (no gloves)
SInv    .            (no boots)
Will    .....        (no amulet)
Stlth   +            a - ring of protection from fire
HPRegen 0.25/turn    (no ring)
MPRegen 0.09/turn

%: no passive effects
@: no status effects
A: sickness immunity, AC +4, negative energy resistance 1, electricity
resistance, torment resistance 1, petrification resistance
a: no special abilities


You were on level 4 of the Dungeon.
You visited 1 branch of the dungeon, and saw 4 of its levels.

You collected 161 gold pieces.


Innate Abilities, Weirdness & Mutations

You are immune to sickness and miasma.
Your stone body is resilient. (AC +4)
You are immune to poison.
You resist negative energy. (rN+)
You are resistant to electric shocks. (rElec)
You are resistant to unholy torment.
You are immune to petrification.


   Skills:
 - Level 3.3 Fighting
 + Level 5.7 Ranged Weapons
 - Level 1.0 Armour
 - Level 1.5 Dodging
 - Level 1.1 Stealth


You had 4 spell levels left.
You didn't know any spells.
Your spell library was empty.

Inventory:

Hand Weapons
 Y - a +0 shortbow (weapon)
Armour
 j - a +0 ring mail (worn)
Jewellery
 a - a ring of protection from fire (left hand)
Wands
 c - a wand of digging (8)
Scrolls
 e - a scroll of blinking {unknown}
 f - 2 scrolls of identify
Potions
 b - a potion of lignification
 d - a potion of might
 g - 3 potions of curing

Dungeon Overview and Level Annotations

Branches:
Dungeon (4/15)
 Temple: D:4-7

Altars:
Elyvilon

Shops:
D:2 [[

Annotations:
D:4 Edmund


Message History

You start resting.
HP restored.
You start waiting.
You feel yourself speed up.
Done waiting.
You see here a +0 chain mail.
A hobgoblin comes into view.
You shoot an arrow. The arrow hits the hobgoblin.
The hobgoblin is severely wounded.
You hear a shout!
You shoot an arrow.
The arrow completely misses the hobgoblin.
The hobgoblin hits you but does no damage.
You shoot an arrow. The arrow closely misses the hobgoblin.
The hobgoblin hits you but does no damage.
You shoot an arrow. The arrow closely misses the hobgoblin.
The hobgoblin hits you but does no damage.
You shoot an arrow. The arrow hits the hobgoblin!
You kill the hobgoblin!
You shoot an arrow. The arrow hits Edmund.
Edmund is lightly wounded.
Edmund hits you with a +2 dire flail of protection!
Edmund barely misses you.
You shoot an arrow. The arrow closely misses Edmund.
Edmund barely misses you.
You shoot an arrow. The arrow barely misses Edmund.
Edmund hits you with a +2 dire flail of protection!
You shoot an arrow.
The arrow hits Edmund but does no damage.
Edmund is lightly wounded.
Edmund hits you with a +2 dire flail of protection.
You shoot an arrow.
The arrow hits Edmund but does no damage.
Edmund is lightly wounded.
Edmund hits you with a +2 dire flail of protection!
You shoot an arrow. The arrow hits Edmund!
Edmund is moderately wounded.
Edmund barely misses you.
Edmund hits you with a +2 dire flail of protection!
You die...

#.###.#.#
#(......#
###[#####
#.# #.#
#.#####
#.#...
#.#.####
#.@....#
###@##....
. .# . ..
.# .. ..
.. ## ..
.. .


You could see Edmund.

Vanquished Creatures
  Jessica (D:2)
  Natasha (D:4)
  A worm (D:2)
  3 dart slugs
  7 orcs (D:3)
  4 bats
  6 endoplasms
  4 giant cockroaches
  2 goblins (D:2)
  10 hobgoblins
  2 jackals (D:2)
  A quokka (D:1)
  11 ball pythons
  5 frilled lizards
  6 kobolds
  8 rats
72 creatures vanquished.

Notes
Turn   | Place    | Note
-------+----------+-------------------------------------------
     0 | D:1      | qw the Gargoyle Hunter began the quest for the Orb.
     0 | D:1      | Reached XP level 1. HP: 12/12 MP: 1/1
     0 | D:1      | 0 ||| qw: Version: 0.2-a-29-g511e9b1
     0 | D:1      | 0 ||| qw: Game counter: 5595
     0 | D:1      | 0 ||| qw: Always use a shield: true
     0 | D:1      | 0 ||| qw: God list: Okawaru
     0 | D:1      | 0 ||| qw: Allow faded altars: false
     0 | D:1      | 0 ||| qw: Do Orc after D:15 true
     0 | D:1      | 0 ||| qw: Do second Lair branch before Depths: true
     0 | D:1      | 0 ||| qw: Lair rune preference: random
     0 | D:1      | 0 ||| qw: Plans: Normal, Zot:1-4, Slime:5, God:TSO, Crypt,
                  | Tomb, Abyss, Pan, Hells, Win
     0 | D:1      | 0 ||| PLANNING D:1-11
   198 | D:1      | Reached XP level 2. HP: 10/17 MP: 2/2
   200 | D:1      | 200 ||| FLEEEEING.
   202 | D:1      | 202 ||| FLEEEEING.
   203 | D:1      | 203 ||| FLEEEEING.
   205 | D:1      | 205 ||| FLEEEEING.
   206 | D:1      | 206 ||| FLEEEEING.
   208 | D:1      | 208 ||| FLEEEEING.
   209 | D:1      | 209 ||| FLEEEEING.
   210 | D:1      | 210 ||| FLEEEEING.
   211 | D:1      | 211 ||| FLEEEEING.
   212 | D:1      | 212 ||| FLEEEEING.
   213 | D:1      | 213 ||| FLEEEEING.
   214 | D:1      | 214 ||| FLEEEEING.
   215 | D:1      | 215 ||| FLEEEEING.
   216 | D:1      | 216 ||| FLEEEEING.
   217 | D:1      | 217 ||| FLEEEEING.
   218 | D:1      | 218 ||| FLEEEEING.
   219 | D:1      | 219 ||| FLEEEEING.
   220 | D:1      | 220 ||| FLEEEEING.
   221 | D:1      | 221 ||| FLEEEEING.
   495 | D:1      | Found a white marble altar of Elyvilon.
   599 | D:1      | Reached XP level 3. HP: 21/21 MP: 3/3
   747 | D:1      | Found a faded altar of an unknown god.
   751 | D:1      | Reached skill level 5 in Ranged Weapons
   834 | D:1      | 834 ||| FLEEEEING.
   835 | D:1      | 835 ||| FLEEEEING.
   878 | D:1      | 878 ||| UPGRADING to +0 ring mail.
   888 | D:1      | 888 ||| DROPPING +0 leather armour.
   889 | D:1      | 889 ||| READING scroll labelled MEILAMN QUPSOU.
   890 | D:1      | 890 ||| READING scroll labelled ETIKUR KUB.
   891 | D:1      | 891 ||| READING 3 scrolls labelled DIAPUH NACZE.
   892 | D:1      | 892 ||| READING scroll labelled WIVUFE VUZONKU.
   893 | D:1      | 893 ||| READING 2 scrolls of identify.
   893 | D:1      | 893 ||| IDENTIFYING lumpy grey potion
   894 | D:1      | 894 ||| DROPPING scroll of butterflies.
   999 | D:2      | Reached skill level 1 in Armour
  1043 | D:2      | Found Sif Quuh's Antique Armour Emporium.
  1063 | D:2      | 1063 ||| SHOPLISTING cloak (121 gold, have 95).
  1063 | D:2      | 1063 ||| SHOPLISTING shiny helmet (202 gold, have 95).
  1063 | D:2      | 1063 ||| SHOPLISTING twisted hat (243 gold, have 95).
  1095 | D:2      | Noticed Jessica
  1097 | D:2      | Killed Jessica
  1098 | D:2      | Reached skill level 3 in Fighting
  1098 | D:2      | Reached XP level 4. HP: 28/28 MP: 4/4
  1172 | D:2      | Found Daustat's Antique Armour Shop.
  1537 | D:2      | 1537 ||| UPGRADING to ring of protection from fire.
  1538 | D:2      | 1538 ||| READING scroll labelled XAEMOIZAAS.
  1539 | D:2      | 1539 ||| READING scroll labelled TUVVALEIVO.
  1543 | D:2      | 1543 ||| READING 2 scrolls of identify.
  1543 | D:2      | 1543 ||| IDENTIFYING yellow potion
  1544 | D:2      | 1544 ||| DROPPING potion of invisibility.
  2316 | D:3      | 2316 ||| DRINKING 2 fuming coppery potions.
  2363 | D:3      | 2363 ||| DRINKING 2 puce potions.
  2364 | D:3      | 2364 ||| READING 3 scrolls of identify.
  2364 | D:3      | 2364 ||| IDENTIFYING inky potion
  2365 | D:3      | 2365 ||| DROPPING potion of degeneration.
  2396 | D:4      | Reached XP level 5. HP: 32/32 MP: 5/5
  2455 | D:4      | Noticed Edmund
  2456 | D:4      | Noticed Natasha
  2465 | D:4      | HP: 3/32 [Edmund/+2 dire flail of protection (11)]
  2466 | D:4      | 2466 ||| READING scroll of teleportation.
  2608 | D:4      | Killed Natasha
  2752 | D:4      | HP: 3/32 [Edmund/+2 dire flail of protection (10)]
  2753 | D:4      | Mangled by Edmund

Levels and vault maps discovered:
D:1:      onia_arrival_handbag, layout_basic, basic_ecumenical_altar,
          minmay_hexomino_r4
D:2:      layout_loops_ring, serial_shops, nicolae_shop_real_fake_doors, shop,
          uniq_jessica
D:3:      layout_loops_ring, serial_bayou_pond_e, kennysheep_nub
D:4:      layout_loops_cross, grunt_qazlal_clouds, mainiacjoe_overflow_alcove_2,
          uniq_edmund, uniq_natasha

Skill      XL: |  1  2  3 |
---------------+----------+-----
Ranged Weapons | 5 |  5.7
Armour         | 1 |  1.0
Fighting       | 3 |  3.3
Dodging        | |  1.5
Stealth        | |  1.1

Action                     |  1- 3 |  4- 6 || total
---------------------------+-------+-------++-------
   Fire: Shortbow          |   110 |   123 ||   233
    Use: Scroll            |     5 |     5 ||    10
         Potion            |       |     2 ||     2
 Armour: Leather armour    |     7 |       ||     7
         Ring mail         |     8 |    24 ||    32
  Dodge: Dodged            |    30 |    47 ||    77

Table legend:
 A = Non-vault XP
 B = Vault XP
 C = Vault XP percentage of total XP
 D = Non-vault monster count
 E = Vault monster count
 F = Vault count percentage of total count
                 A         B        C        D         E       F
            +---------+---------+-------+---------+---------+-------
      Total |     120 |      82 |  40.6 |      62 |      10 |  13.9
            +---------+---------+-------+---------+---------+-------
        D:1 |      34 |      10 |  22.7 |      18 |       8 |  30.8
        D:2 |      45 |      37 |  45.1 |      24 |       1 |   4.0
        D:3 |      38 |       0 |   0.0 |      18 |       0 |   0.0
        D:4 |       3 |      35 |  92.1 |       2 |       1 |  33.3
            +---------+---------+-------+---------+---------+-------
